 Dungeon Crawl Stone Soup version 0.20-a0-823-gdec668e (webtiles) character file.

274122 Morrissey the Minotaur Blade (level 19, -3/189 HPs)
             Began as a Minotaur Berserker on Mar 5, 2017.
             Was the Champion of Trog.
             Slain by a stone giant (25 damage)
             ... on level 2 of the Vaults.
             The game lasted 02:05:32 (38031 turns).

Morrissey the Minotaur Blade (Minotaur Berserker)  Turns: 38031, Time: 02:05:33

Health: -3/189     AC: 29    Str: 22    XL:     19   Next: 52%
Magic:  3/3        EV: 18    Int:  8    God:    Trog [******]
Gold:   3362       SH:  0    Dex: 23    Spells: 18/18 levels left

rFire    + . .     SeeInvis +   a - +9 triple sword (antimagic)
rCold    . . .     Gourm    .   L - +3 plate armour {rF+}
rNeg     . . .     Faith    +   (shield currently unavailable)
rPois    +         Spirit   .   X - +0 hat "Uprug" {rCorr MP-9 Int+4}
rElec    .         Reflect  .   V - +1 cloak of Immorality {MR+ rCorr Dex+2}
rCorr    +         Harm     .   j - +0 pair of gloves {Dex+3}
MR       ++...                  P - +2 pair of boots
Stlth    ..........             J - amulet of faith
Regen    0.5/turn               m - ring of poison resistance
MPRegen  0.1/turn               r - ring of see invisible

@: about to teleport
A: retaliatory headbutt, horns 2, blink
}: 2/15 runes: decaying, gossamer
a: Blink, Berserk, Trog's Hand, Brothers in Arms, Burn Spellbooks, Renounce
Religion


You were on level 2 of the Vaults.
You worshipped Trog.
Trog was exalted by your worship.
You were not hungry.

You visited 6 branches of the dungeon, and saw 33 of its levels.
You also visited: Ice Cave and Volcano.

You collected 3852 gold pieces.
You spent 490 gold pieces at shops.

Inventory:

Hand Weapons
 a - a +9 antimagic triple sword (weapon)
 b - a +3 great sword of flaming
 I - the +2 double sword of Expedience {slice, rN+ Str+4 Dex+3 Stlth-}
   (Trog gifted it to you on level 1 of the Vaults)

   It inflicts extra damage upon your enemies.
   It affects your strength (+4).
   It affects your dexterity (+3).
   It protects you from negative energy.
   It makes you less stealthy.
 T - a +2 great sword of freezing
Armour
 j - a +0 pair of gloves of dexterity (worn)
 L - a +3 plate armour of fire resistance (worn)
 P - a +2 pair of boots (worn)
 V - the +1 cloak of Immorality (worn) {MR+ rCorr Dex+2}
   (You found it on level 11 of the Dungeon)

   It affects your dexterity (+2).
   It affects your resistance to hostile enchantments.
   It protects you from acid and corrosion.
 X - the +0 hat "Uprug" (worn) {rCorr MP-9 Int+4}
   (You found it in a volcano)

   It affects your intelligence (+4).
   It affects your magic capacity (-9).
   It protects you from acid and corrosion.
Jewellery
 m - a ring of poison resistance (right hand)
 r - a ring of see invisible (left hand)
 E - an uncursed ring of protection from cold
 F - an uncursed ring of protection from fire
 J - an amulet of faith (around neck)
Wands
 d - a wand of paralysis (6/24)
 i - a wand of digging (2/24)
 q - a wand of clouds (2/9)
 s - a wand of disintegration (10/24)
 v - a wand of lightning (10/15)
 D - a wand of acid (8/15)
 H - a wand of iceblast (8/15)
 M - a wand of disintegration (8/24)
 Y - a wand of iceblast (7/15)
Scrolls
 e - 7 scrolls of enchant armour
 f - 20 scrolls of remove curse
 g - 8 scrolls of fog
 k - 2 scrolls of magic mapping
 l - 14 scrolls of teleportation
 C - 5 scrolls of recharging
 K - 3 scrolls of blinking
 N - 2 scrolls of holy word
 R - 2 scrolls of fear
 S - 6 scrolls of identify
Potions
 h - 12 potions of agility
 p - 15 potions of curing
 t - 3 potions of berserk rage
 u - 6 potions of brilliance
 w - 3 potions of resistance
 z - 4 potions of heal wounds
 A - 2 potions of cancellation
 B - 2 potions of flight
 G - 3 potions of magic
 O - 3 potions of mutation
 U - 3 potions of haste
 W - a potion of might
 Z - 2 potions of invisibility
Miscellaneous
 o - a lightning rod (3/4)
 y - a lightning rod (3/4)
Comestibles
 c - 16 bread rations
 n - a meat ration
 x - 23 fruits
 Q - a royal jelly


   Skills:
 * Level 21.0 Fighting
 - Level 24.0 Long Blades
 - Level 18.4 Armour
 - Level 15.2 Dodging


You had 18 spell levels left.
You didn't know any spells.

Dungeon Overview and Level Annotations

Branches:
Dungeon (15/15)            Temple (0/1) D:6            Lair (6/6) D:11
  Swamp (4/4) Lair:3       Spider (4/4) Lair:2        Slime (0/5) Lair:6
    Orc (2/2) D:11            Elf (0/3) Orc:2        Vaults (2/5) D:14
  Crypt (0/3) Vaults:2
 Depths: D:15

Altars:
Cheibriados
Elyvilon
Makhleb
Okawaru
Vehumet
Yredelemnul
The Shining One
Beogh
Jiyva

Shops:
D:5 (   D:8 =   D:11 %   Orc:2 **}


Innate Abilities, Weirdness & Mutations

You reflexively headbutt those who attack you in melee.
You have a pair of horns on your head.
You can translocate small distances at will.


Message History

You hear a deafening roar!
A vault sentinel comes into view. It is wielding a falchion.
You slice the stone giant!!
The stone giant is almost dead.
The vault sentinel blows a loud note on a signal horn!
The stone giant hits you!!!
* * * LOW HITPOINT WARNING * * *
You slice the stone giant!!
You kill the stone giant!
Trog accepts your kill.
The shadow wraith is recalled. x2; The stone giant is recalled.
The frost giant is recalled.
The ironheart preserver is recalled. x2
The shadow wraith closely misses you.
You riposte.
You slice the shadow wraith!!
The shadow wraith is severely damaged.
A frost giant, 2 shadow wraiths and 2 ironheart preservers come into view.
An ironheart preserver is wielding a dire flail of protection.
The frost giant is wielding a battleaxe of freezing.
As you read the scroll of teleportation, it crumbles to dust.
You feel strangely unstable. The stone giant hits you!!
You die...

.... .. ...... ....
......
#....############......
#......................
#.......pC.............
#.........W............
#......(WpCpp†p........
#......(†@#####'#####.
#.......(## #......#
#.......## ##..e.##
#.......# ##s.##
#.......# #a.# #.
#.......# .uC# #.
#..(....# .$eD #.
#.......# ...p.. #.
#.......# a...... #.


You could see 2 ironheart preservers, a frost giant, a stone giant, 2 shadow
wraiths, 2 vault sentinels and an ironbrand convoker.

Vanquished Creatures
  the Lernaean hydra (Swamp:4)
  Arachne (Spider:2)
  A sphinx (Vaults:2)
  4 thorn hunters
  The ghost of dondy the Severer, an adept HOBe of Trog (Swamp:3)
  Frances (Swamp:1)
  Roxanne (Swamp:3)
  5 ghost moths
  A frost giant (Vaults:1)
  The ghost of CcS the Warrior, a journeyman DrBe of Trog (D:14)
  6 vault wardens (Vaults:1)
  Louise (Spider:1)
  The ghost of Morrissey the Impaler, a journeyman MiBe of Trog (Orc:2)
  2 ironheart preservers (Vaults:1)
  2 stone giants (Vaults:2)
  6 emperor scorpions
  A very ugly thing (Vaults:2)
  4 entropy weavers
  A red draconian (Volcano)
  A spark wasp (Spider:1)
  Snorg (Orc:1)
  2 ettins
  A great orb of eyes (Vaults:1)
  A yaktaur captain (Vaults:1)
  Harold (Orc:1)
  23 hydras
  A rakshasa (Vaults:2)
  3 ghost crabs
  5 vault guards
  A catoblepas (Lair:6)
  28 two-headed ogres
  8 ogre magi
  3 death knights
  4 alligators
  6 centaur warriors
  A tengu warrior (D:10)
  4 orc high priests
  4 deep elf knights
  9 skeletal warriors
  A salamander mystic (Volcano)
  4 unseen horrors
  2 spriggan druids (Swamp:4)
  A glowing orange brain (Vaults:2)
  A flayed ghost (Vaults:2)
  3 wizards
  Pikel (D:7)
  3 phantasmal warriors
  16 swamp dragons
  A harpy (Vaults:2)
  7 orc knights
  A lindwurm (Lair:5)
  8 ironbrand convokers
  2 shambling mangroves
  A necromancer (IceCv)
  13 orb spiders
  2 deep elf magi
  A mana viper (shapeshifter) (Vaults:1)
  5 orc sorcerers
  A manticore (shapeshifter) (Vaults:2)
  8 cyclopes
  31 wolf spiders
  6 oklob plants
  6 salamanders (Volcano)
  9 ugly things
  2 manticores
  11 elephants
  2 moths of wrath
  2 vault sentinels (Vaults:1)
  Joseph (D:9)
  4 black mambas
  3 ice statues (IceCv)
  3 centaur zombies
  A gargoyle (D:14)
  3 torpor snails
  A kobold demonologist (D:11)
  17 spiny frogs
  2 rime drakes
  2 efreet
  4 komodo dragons
  6 freezing wraiths
  33 yaktaurs
  9 ice devils (IceCv)
  11 demonic crawlers
  A tengu conjurer (D:10)
  A queen bee (shapeshifter) (D:15)
  6 trolls
  A polar bear (Lair:6)
  A jumping spider (shapeshifter) (Vaults:1)
  11 tyrant leeches
  17 hornets
  A meliai (shapeshifter) (Vaults:1)
  3 meliai
  37 jumping spiders
  Prince Ribbit (Lair:3)
  12 dream sheep
  16 blink frogs
  14 slime creatures
  9 hippogriffs
  Grinder (D:3)
  8 bog bodies
  95 redbacks
  2 shadows
  4 spriggans
  37 tarantellas
  A water elemental (D:15)
  32 yaks
  4 wraiths
  A wyvern (D:12)
  5 hungry ghosts
  4 basilisks
  Grum (D:9)
  2 steam dragons
  24 vampire mosquitoes
  9 insubstantial wisps
  3 wargs
  4 acid dragons
  21 water moccasins
  24 swamp worms
  17 porcupines
  An eye of draining (D:10)
  37 orc warriors
  14 swamp drakes
  12 ice beasts
  5 sky beasts
  4 slaves (D:7)
  2 black bears (D:11)
  2 necrophages
  30 ogres
  2 phantoms
  5 wolves
  4 boggarts (Vaults:1)
  29 centaurs
  21 crocodiles
  3 big kobolds
  2 gnoll sergeants (D:11)
  19 bullfrogs
  3 wyvern skeletons
  3 scorpions
  10 killer bees
  An oklob sapling (Swamp:2)
  6 electric eels
  3 howler monkeys (D:10)
  10 crimson imps
  A draconian simulacrum (IceCv)
  5 jellies
  A bullfrog zombie (D:12)
  8 hounds
  5 centaur skeletons
  22 orc priests
  3 bullfrog skeletons
  5 iguanas
  20 orc wizards
  2 spriggan simulacra (IceCv)
  16 worker ants
  A troll simulacrum (IceCv)
  A killer bee zombie (D:7)
  3 hound skeletons
  A worker ant zombie (D:6)
  17 gnolls
  4 naga simulacra (IceCv)
  9 adders
  2 ogre simulacra (IceCv)
  2 shadow imps
  A white imp (D:15)
  An ufetubus (D:15)
  3 oozes
  An adder skeleton (D:4)
  3 worms
  A dart slug (D:1)
  5 leopard geckos
  95 orcs
  A ball python (D:5)
  6 giant cockroaches
  2 gnoll zombies (D:6)
  6 goblins
  8 hobgoblins
  8 jackals
  7 quokkas
  7 bats
  4 frilled lizards
  8 kobolds
  2 quokka skeletons
  7 rats
  7 briar patches
  2 fungi (D:11)
  5 plants
1375 creatures vanquished.

Vanquished Creatures (collateral kills)
  A fire dragon (Lair:6)
  An orc high priest (Orc:2)
  2 orc knights (Orc:2)
  A shambling mangrove (Swamp:2)
  A rime drake (Lair:6)
  A bog body (Swamp:3)
  An acid dragon (Lair:6)
  A crocodile (Lair:6)
  An orc wizard (Orc:2)
  An orc (Orc:2)
11 creatures vanquished.

Vanquished Creatures (others)
  An unseen horror (D:14)
  2 bushes (D:15)
  19 fungi
  26 plants
48 creatures vanquished.

Grand Total: 1434 creatures vanquished

Notes
Turn   | Place    | Note
-------+----------+-------------------------------------------
     0 | D:1      | Morrissey the Minotaur Berserker began the quest for the Orb.
     0 | D:1      | Reached XP level 1. HP: 19/19 MP: 0/0
   219 | D:1      | Reached skill level 4 in Long Blades
   219 | D:1      | Reached XP level 2. HP: 26/27 MP: 1/1
   729 | D:2      | Reached XP level 3. HP: 23/33 MP: 2/2
   747 | D:2      | Reached ** piety under Trog
   987 | D:2      | Reached XP level 4. HP: 32/40 MP: 3/3
  1078 | D:2      | Reached skill level 5 in Long Blades
  1572 | D:3      | Noticed Grinder
  1579 | D:3      | Killed Grinder
  1579 | D:3      | Reached skill level 6 in Long Blades
  1579 | D:3      | Reached XP level 5. HP: 47/47 MP: 4/4
  1579 | D:3      | Reached XP level 6. HP: 55/55 MP: 5/5
  1710 | D:4      | Noticed a sky beast
  1723 | D:4      | Killed a sky beast
  1723 | D:4      | Reached skill level 5 in Fighting
  2247 | D:4      | Found an iron altar of Okawaru.
  2253 | D:4      | Reached *** piety under Trog
  2272 | D:4      | Reached XP level 7. HP: 61/61 MP: 6/6
  2379 | D:4      | Reached skill level 7 in Long Blades
  2595 | D:4      | Reached skill level 5 in Armour
  2820 | D:5      | Entered Level 5 of the Dungeon
  2883 | D:5      | Found Heoxitisch's Weapon Boutique.
  2956 | D:5      | Reached skill level 8 in Long Blades
  2956 | D:5      | Reached XP level 8. HP: 54/70 MP: 7/7
  2964 | D:5      | Reached **** piety under Trog
  3067 | D:5      | Reached skill level 5 in Dodging
  3835 | D:6      | Found a staircase to the Ecumenical Temple.
  3941 | D:6      | Found a burning altar of Makhleb.
  3946 | D:6      | Reached skill level 9 in Long Blades
  4330 | D:6      | Found a basalt altar of Yredelemnul.
  4512 | D:7      | Reached XP level 9. HP: 73/79 MP: 8/8
  4676 | D:7      | Reached skill level 10 in Long Blades
  4801 | D:7      | Noticed Pikel
  4829 | D:7      | Killed Pikel
  5167 | D:8      | Found a radiant altar of Vehumet.
  5167 | D:8      | Found a glowing golden altar of the Shining One.
  5179 | D:8      | Reached skill level 11 in Long Blades
  5248 | D:8      | Noticed a two-headed ogre
  5267 | D:8      | Killed a two-headed ogre
  5267 | D:8      | Reached XP level 10. HP: 10/90 MP: 9/9
  5592 | D:8      | Noticed a two-headed ogre
  5606 | D:8      | Killed a two-headed ogre
  5768 | D:8      | Found Worhiklu's Jewellery Shop.
  5782 | D:8      | Bought an uncursed amulet of faith for 400 gold pieces
  5806 | D:8      | Found a white marble altar of Elyvilon.
  5895 | D:8      | Reached ***** piety under Trog
  6076 | D:9      | Received a gift from Trog
  6077 | D:9      | Reached skill level 12 in Long Blades
  6220 | D:9      | Noticed a two-headed ogre
  6233 | D:9      | Killed a two-headed ogre
  6318 | D:9      | Noticed Joseph
  6341 | D:9      | Killed Joseph
  6534 | D:9      | Noticed Grum
  6548 | D:9      | Noticed a skeletal warrior
  6550 | D:9      | Noticed a skeletal warrior
  6553 | D:9      | Killed Grum
  6554 | D:9      | Noticed a skeletal warrior
  6559 | D:9      | Noticed a skeletal warrior
  6564 | D:9      | Noticed a skeletal warrior
  6908 | D:9      | Noticed a centaur warrior
  6921 | D:9      | Killed a centaur warrior
  6994 | D:9      | Reached skill level 13 in Long Blades
  7045 | D:9      | Killed a skeletal warrior
  7045 | D:9      | Reached XP level 11. HP: 99/99 MP: 10/10
  7420 | D:10     | Entered Level 10 of the Dungeon
  7433 | D:10     | Received a gift from Trog
  7452 | D:10     | Reached skill level 10 in Fighting
  7618 | D:10     | Noticed a tengu warrior
  7630 | D:10     | Killed a tengu warrior
  7630 | D:10     | Reached skill level 10 in Armour
  8231 | D:11     | Killed an unseen horror
  8260 | D:11     | Found a staircase to the Lair.
  8268 | D:11     | Noticed a two-headed ogre
  8281 | D:11     | Killed a two-headed ogre
  8281 | D:11     | Reached skill level 14 in Long Blades
  8349 | D:11     | Found a staircase to the Orcish Mines.
  8438 | D:11     | Noticed a sun demon
  8546 | D:11     | You fall through a shaft for 3 floors!
  8553 | D:14     | Found a gate to the Vaults.
  8553 | D:14     | Noticed a vault guard
  8553 | D:14     | Noticed a vault guard
  8553 | D:14     | Noticed a centaur warrior
  8553 | D:14     | Noticed a vault guard
  8568 | D:14     | Killed a vault guard
  8574 | D:14     | Killed a vault guard
  8574 | D:14     | Reached XP level 12. HP: 92/110 MP: 11/11
  8752 | D:14     | Noticed CcS's ghost (journeyman DrBe)
  8886 | D:12     | Noticed a two-headed ogre
  8895 | D:12     | Killed a two-headed ogre
  8895 | D:12     | Reached skill level 15 in Long Blades
  8895 | D:12     | Reached skill level 10 in Dodging
  9164 | D:11     | Received a gift from Trog
  9181 | D:11     | Got a shimmering ring mail
  9201 | D:11     | Identified the cursed +1 ring mail "Rasez" {-Tele Int+6 Slay+4} (You found it on level 11 of the Dungeon)
  9249 | D:11     | Got a faintly humming cloak
  9255 | D:11     | Identified the +1 cloak of Immorality {MR+ rCorr Dex+2} (You found it on level 11 of the Dungeon)
  9475 | D:11     | Found Siuphyaz's Food Emporium.
  9568 | Orc:1    | Entered Level 1 of the Orcish Mines
  9664 | Orc:2    | Entered Level 2 of the Orcish Mines
  9664 | Orc:2    | Found a staircase to the Elven Halls.
  9959 | Orc:2    | Noticed Morrissey's ghost (journeyman MiBe)
 10285 | Orc:2    | Killed Morrissey's ghost
 10288 | Orc:2    | Found a roughly hewn altar of Beogh.
 10410 | Orc:2    | Reached skill level 16 in Long Blades
 10521 | Orc:2    | Received a gift from Trog
 10558 | Orc:1    | Noticed Harold
 10559 | Orc:1    | Noticed Snorg
 10562 | Orc:1    | Killed Harold
 10566 | Orc:1    | Killed Snorg
 11230 | Orc:2    | Noticed an orc high priest
 11236 | Orc:2    | Killed an orc high priest
 11237 | Orc:2    | Noticed an orc high priest
 11238 | Orc:2    | Reached XP level 13. HP: 38/119 MP: 12/12
 11243 | Orc:2    | Received a gift from Trog
 11568 | Orc:2    | Reached skill level 17 in Long Blades
 11572 | Orc:2    | Found Teileo Poygh's General Store.
 11572 | Orc:2    | Found Bomn's Gadget Shoppe.
 11574 | Orc:2    | Found Mycoing's Assorted Antiques.
 11574 | Orc:2    | Found Qaoschesh's Assorted Antiques.
 11581 | Orc:2    | Bought a scroll of enchant weapon for 90 gold pieces
 11619 | Orc:2    | Noticed an ettin
 11624 | Orc:2    | Killed an ettin
 11742 | Orc:2    | Gained mutation: You can translocate small distances at will. [a neqoxec]
 12430 | D:12     | Found a runed door.
 13173 | D:12     | Found a roughly hewn altar of Beogh.
 13313 | Lair:1   | Entered Level 1 of the Lair of Beasts
 13342 | Lair:1   | Received a gift from Trog
 13343 | Lair:1   | Got a pitted scimitar {god gift}
 13344 | Lair:1   | Identified the +9 scimitar "Xubbo" {drain, +Fly rF++ Str-4 Dex+2} (Trog gifted it to you on level 1 of the Lair of Beasts)
 13726 | Lair:1   | Reached skill level 18 in Long Blades
 13982 | Lair:2   | Found a hole to the Spider Nest.
 14652 | Lair:2   | Reached XP level 14. HP: 87/129 MP: 13/13
 15102 | Lair:3   | Noticed Prince Ribbit
 15108 | Lair:3   | Killed Prince Ribbit
 15232 | Lair:3   | Found a staircase to the Swamp.
 15473 | Lair:4   | Reached ****** piety under Trog
 15501 | Lair:4   | Found a dark tunnel.
 15508 | Volcano  | Entered a volcano
 15606 | Volcano  | Got a polished hat
 15612 | Volcano  | Identified the cursed +0 hat "Uprug" {rCorr MP-9 Int+4} (You found it in a volcano)
 15758 | Volcano  | Received a gift from Trog
 15758 | Volcano  | Reached skill level 19 in Long Blades
 16994 | Lair:5   | Received a gift from Trog
 18058 | Lair:6   | Entered Level 6 of the Lair of Beasts
 18108 | Lair:6   | Found a viscous altar of Jiyva.
 18109 | Lair:6   | Found a staircase to the Slime Pits.
 18847 | Lair:6   | Reached skill level 15 in Fighting
 18865 | Lair:6   | Reached skill level 20 in Long Blades
 19135 | Lair:6   | Reached XP level 15. HP: 141/141 MP: 5/14
 19164 | Lair:6   | Received a gift from Trog
 19165 | Lair:6   | Got an iridescent halberd {god gift}
 19183 | Lair:6   | Identified the +4 halberd "Tituywue" {chop, Str+4 Dex+2} (Trog gifted it to you on level 6 of the Lair of Beasts)
 19566 | D:12     | Reached skill level 15 in Armour
 20403 | D:14     | Killed CcS's ghost
 21087 | D:14     | Received a gift from Trog
 21183 | D:15     | Entered Level 15 of the Dungeon
 21203 | D:15     | Received a gift from Trog
 21348 | D:15     | Found a snail-covered altar of Cheibriados.
 21699 | D:15     | Found a frozen archway.
 21709 | IceCv    | Entered an ice cave
 22438 | D:15     | Received a gift from Trog
 23020 | Swamp:1  | Entered Level 1 of the Swamp
 23063 | Swamp:1  | Noticed Frances
 23072 | Swamp:1  | Killed Frances
 23276 | Swamp:1  | Reached XP level 16. HP: 146/155 MP: 6/15
 23671 | Swamp:1  | Noticed a thorn hunter
 23695 | Swamp:1  | Killed a thorn hunter
 24172 | Swamp:2  | Received a gift from Trog
 24387 | Swamp:2  | Noticed a thorn hunter
 24407 | Swamp:2  | Killed a thorn hunter
 24655 | Swamp:2  | Noticed a thorn hunter
 24666 | Swamp:2  | Killed a thorn hunter
 24666 | Swamp:2  | Reached skill level 21 in Long Blades
 24829 | Swamp:2  | Noticed a thorn hunter
 24838 | Swamp:2  | Killed a thorn hunter
 24995 | Swamp:2  | Paralysed by a hornet for 1 turns
 25448 | Swamp:3  | Noticed Roxanne
 25457 | Swamp:3  | Killed Roxanne
 25458 | Swamp:3  | Identified Roxanne's Papyrus of the Mountains (You took it off Roxanne on level 3 of the Swamp)
 25709 | Swamp:3  | Noticed dondy's ghost (adept HOBe)
 25726 | Swamp:3  | Killed dondy's ghost
 26411 | Swamp:3  | Received a gift from Trog
 26649 | Swamp:4  | Entered Level 4 of the Swamp
 27895 | Swamp:4  | Noticed the 27-headed Lernaean hydra
 27919 | Swamp:4  | Killed the 27-headed Lernaean hydra
 27922 | Swamp:4  | Reached XP level 17. HP: 52/161 MP: 7/16
 28575 | Swamp:4  | Got a decaying rune of Zot
 28723 | Spider:1 | Entered Level 1 of the Spider Nest
 28734 | Spider:1 | Received a gift from Trog
 28803 | Spider:1 | Noticed Louise
 28808 | Spider:1 | Reached skill level 15 in Dodging
 28817 | Spider:1 | Killed Louise
 29435 | Spider:1 | Received a gift from Trog
 29747 | Spider:1 | HP: 5/161 [wolf spider (6)]
 30268 | Spider:2 | Reached skill level 22 in Long Blades
 30974 | Spider:2 | Noticed Arachne
 31026 | Spider:2 | Killed Arachne
 31035 | Spider:2 | Received a gift from Trog
 31902 | Spider:3 | Reached skill level 23 in Long Blades
 32063 | Spider:3 | Received a gift from Trog
 32420 | Spider:3 | Reached XP level 18. HP: 144/170 MP: 1/17
 32590 | Spider:3 | Found a roughly hewn altar of Beogh.
 32626 | Spider:4 | Entered Level 4 of the Spider Nest
 33218 | Spider:4 | Received a gift from Trog
 33667 | Spider:4 | Reached skill level 24 in Long Blades
 34154 | Spider:4 | Got a gossamer rune of Zot
 34164 | Spider:4 | Received a gift from Trog
 34451 | Vaults:1 | Entered Level 1 of the Vaults
 34805 | Vaults:1 | Received a gift from Trog
 35975 | Vaults:1 | Reached XP level 19. HP: 130/183 MP: 3/18
 36218 | Vaults:1 | Received a gift from Trog
 36245 | Vaults:1 | Got an iridescent double sword {god gift}
 36249 | Vaults:1 | Identified the +2 double sword of Expedience {slice, rN+ Str+4 Dex+3 Stlth-} (Trog gifted it to you on level 1 of the Vaults)
 37385 | Vaults:2 | Found a staircase to the Crypt.
 37403 | Vaults:2 | Received a gift from Trog
 38031 | Vaults:2 | Slain by a stone giant

Vault maps used:
D:1:      matt_arrival_refuge, minmay_tetromino_o4
D:3:      first_bread, uniq_grinder
D:4:      okawaru_gym_becter, kennysheep_cluttered_room, minmay_small_thing
D:5:      serial_shops, kennysheep_mini_moat
D:6:      makhleb_blood_cavern_becter, lemuel_zombie_altar_yredelemnul,
          minmay_temple_entry_grid
D:7:      nicolae_whirlpool, kennysheep_generic_room_6, uniq_pikel
D:8:      kennysheep_mini, chequers_temple_overflow_statue_of_worship,
          serial_shops, shop
D:9:      uniq_grum, uniq_joseph
D:10:     blue_anna_alchemist
D:11:     due_lair_maze_entry_diamond, kennysheep_orc_monster_closet_entryway,
          serial_shops, kennysheep_little_box
D:12:     cheibrodos_elevator_heist, lightli_church_of_beogh
D:14:     lightli_vaults_fourway_checkpoint, minmay_misc_feat_five
D:15:     grunt_enter_depths_magical_seal, serial_ice, serial_ice_e,
          serial_ice_n, serial_ice_b, serial_ice_h,
          portal_ice_cave_entry_ice_beasts, serial_park_square1, basic_altar,
          nicolae_water_bricks
Lair:2:   dummy_spider_entry, minmay_lair_oklob_items, minivault_24,
          grunt_forest_small_clearings, beast_lair_carwin_1
Lair:3:   minmay_swamp_entry_worms, patterned_corridor, uniq_prince_ribbit2
Lair:4:   nicolae_volcano_entry_hallway, disabler_island
Lair:5:   pond, minmay_lair_oklob_chamber, grunt_megastairs_5,
          infiniplex_staircase_pool
Lair:6:   guppyfry_lair_end_dragon, dpeg_slime_entry_enclosed_altar,
          st_stairs_7, grunt_megastairs_3
Swamp:1:  hangedman_swamp_cone, swamp_pool3, uniq_frances
Swamp:2:  nicolae_swamp_phyte_club, evilmike_swamp_ruin_house_6, swamp_pool2
Swamp:3:  evilmike_swamp_ruin_house_2, swamp_pool1, uniq_roxanne
Swamp:4:  swamp_old_school, swamp_pool5
Spider:1: uniq_louise
Spider:2: uniq_arachne
Spider:3: nicolae_spider_mines_2, nicolae_spider_cling_ruins
Spider:4: grunt_spider_rune_parallel
Orc:1:    uniq_snorg, uniq_harold
Orc:2:    grunt_orc_tribal_feast, lab_entry_generic, basic_altar, mines3_lemuel
Vaults:1: v_misc_9, v_misc_26, nicolae_vaults_big_ls, v_misc_23, v_misc_2,
          hangedman_vaults_restitches, v_misc_23, ontoclasm_vaults_fault,
          vaults_room_pool, nicolae_vaults_rhombus_7, vaults_mumra_chevron,
          st_lines, nicolae_vaults_border_crossing
Vaults:2: vaults_room_pool, dpeg_vaults_pockets_of_resistance, v_pattern_2,
          nicolae_vaults_network_quinsquares, nicolae_vaults_twisting_passages,
          vaults_room_grid, vaults_room_ringed_pool, v_misc_18, v_misc_23,
          v_misc_3, uniq_xtahua
IceCv:    ice_cave_tombish
Volcano:  volcano_pools

Skill      XL: |  1  2  3  4  5  6  7  8  9 10 11 12 13 14 15 16 17 18 19 |
---------------+----------------------------------------------------------+-----
Long Blades    | 4 6 8 9 11 13 14 16 18 20 21 23 24 | 24.0
Fighting       | 4 5 6 7 8 9 11 12 13 15 17 19 21 | 21.0
Armour         | 3 4 5 6 8 9 10 12 13 14 17 18 | 18.4
Dodging        | 3 4 5 7 8 9 10 13 15 | 15.2

Action                   |  1- 3 |  4- 6 |  7- 9 | 10-12 | 13-15 | 16-18 | 19-21 || total
-------------------------+-------+-------+-------+-------+-------+-------+-------++-------
Melee: Falchion          |    74 |    56 |       |       |       |       |       ||   130
       Headbutt          |     8 |    18 |    78 |   120 |   381 |   502 |    68 ||  1175
       Scimitar          |       |    30 |   283 |   117 |   157 |    86 |       ||   673
       Great sword       |       |       |       |   388 |   993 |  1099 |       ||  2480
       Long sword        |       |       |       |       |     9 |       |       ||     9
       Triple sword      |       |       |       |       |       |   247 |   212 ||   459
Invok: Berserk           |       |     3 |     8 |     8 |     6 |    10 |     1 ||    36
       Trog's Hand       |       |       |     1 |     6 |     6 |     3 |     1 ||    17
       Burn Spellbooks   |       |       |       |     2 |     3 |     4 |       ||     9
       Brothers in Arms  |       |       |       |     1 |     1 |     4 |       ||     6
Evoke: Wand              |       |       |       |     6 |     1 |     9 |     1 ||    17
       Lightning rod     |       |       |       |     3 |     1 |     5 |       ||     9
  Use: Scroll            |       |     1 |       |    25 |    15 |    19 |     2 ||    62
       Potion            |       |       |       |       |       |     9 |       ||     9
 Stab: Sleeping          |       |     1 |       |       |       |       |       ||     1
       Confused          |       |       |       |       |     1 |       |       ||     1
       Distracted        |       |       |       |       |       |     1 |       ||     1
       Paralysed         |       |       |       |       |       |     2 |       ||     2
  Eat: Chunk             |       |     3 |    10 |    12 |    19 |     3 |       ||    47
       Meat ration       |       |     1 |     1 |     4 |     4 |     4 |     1 ||    15
       Fruit             |       |       |     2 |       |     2 |     5 |       ||     9
       Royal jelly       |       |       |       |       |     2 |    10 |     1 ||    13
       Bread ration      |       |       |       |       |     1 |     3 |       ||     4
Armor: Animal skin       |    14 |    11 |       |       |       |       |       ||    25
       Scale mail        |       |    12 |       |       |       |       |       ||    12
       Chain mail        |       |       |   139 |       |       |       |       ||   139
       Plate armour      |       |       |     7 |   292 |   620 |   986 |    87 ||  1992
Dodge: Dodged            |    48 |    59 |   152 |   271 |   600 |  1230 |   160 ||  2520
       Rpst.: Falchion   |    13 |     9 |       |       |       |       |       ||    22
       Scimitar          |       |     6 |    36 |    15 |     9 |    15 |       ||    81
       Great sword       |       |       |       |    52 |   137 |   168 |       ||   357
       Triple sword      |       |       |       |       |       |    31 |    31 ||    62
